[Event "Ch FRA 2024 Open B"]
[Site "ALPE D'HUEZ, France"]
[Date "2024.08.20"]
[Round "4.4"]
[White "VEISSEIRE, Arthur"]
[Black "SAYA, Yann"]
[Result "1/2-1/2"]
[ECO "B15"]
[WhiteElo "1938"]
[BlackElo "1873"]
[PlyCount "97"]
[EventDate "2024.??.??"]
[TimeControl "90/40+30:0"]

1. e4 {2} c6 {46} 2. d4 {10} d5 {10} 3. Nc3 {12} dxe4 {63} 4. Nxe4 {15} Nf6 {6}
5. Ng3 {36} g6 {778} 6. h4 {339} c5 {607} 7. Nf3 {93} Nc6 {461} 8. Be3 {662}
Nd5 {405} 9. dxc5 {972} Nxe3 {231} 10. Qxd8+ {61} Kxd8 {270} 11. fxe3 {14} Bg7
{36} 12. O-O-O+ {353} Kc7 {163} 13. Bc4 {117} Ne5 {136} 14. Nxe5 {369} Bxe5 {20
} 15. Ne4 {85} f6 {191} 16. b4 {426} Bf5 {130} 17. Nf2 {170} Bc3 {1082} 18. e4
{531} Bd7 {65} 19. b5 {149} Rad8 {159} 20. a4 {136} e5 {96} 21. Rd6 {166} Rhf8
{267} 22. Rhd1 {172} Bd4 {33} 23. Nd3 {70} b6 {424} 24. Rd5 {394} Bg4 {111} 25.
Rf1 {199} Rxd5 {92} 26. cxb6+ {39} axb6 {47} 27. Bxd5 {19} Kd6 {107} 28. Kd2 {
111} f5 {114} 29. c3 {31} Bc5 {19} 30. Nxc5 {43} Kxc5 {7} 31. g3 {92} Rd8 {52}
32. Ke3 {50} Rd6 {81} 33. Rb1 {39} fxe4 {61} 34. Bxe4 {11} Bf5 {1} 35. Bxf5 {
118} gxf5 {5} 36. Rf1 {32} Rf6 {33} 37. g4 {127} f4+ {22} 38. Ke4 {13} Re6 {14}
39. g5 {120} Kc4 {64} 40. h5 {56} Kxc3 {51} 41. g6 {124} hxg6 {101} 42. hxg6 {
60} Rxg6 {97} 43. Kxe5 {49} Rg4 {274} 44. Kf5 {216} Rg8 {128} 45. Rf3+ {63} Kb4
{108} 46. Rxf4+ {41} Ka5 {56} 47. Ke5 {65} Rg1 {4} 48. Kd6 Ra1 {1} 49. Kc6
1/2-1/2

[Event "Ch FRA 2024 Open B"]
[Site "ALPE D'HUEZ, France"]
[Date "2024.08.21"]
[Round "5.1"]
[White "BENDAHAN, Isaac"]
[Black "NAVROTESCU, Vlad-Andrei"]
[Result "1/2-1/2"]
[ECO "C54"]
[WhiteElo "1924"]
[BlackElo "1948"]
[PlyCount "41"]
[EventDate "2024.??.??"]
[TimeControl "90/40+30:0"]

1. e4 {1} e5 {127} 2. Nf3 {6} Nc6 {9} 3. Bc4 {10} Bc5 {16} 4. c3 {10} Nf6 {76}
5. d3 {13} O-O {407} 6. O-O {13} d5 {155} 7. exd5 {9} Nxd5 {14} 8. Re1 {285}
Bg4 {962} 9. h3 {78} Bh5 {9} 10. Nbd2 {3} Kh8 {79} 11. Ne4 {178} Bb6 {68} 12.
Ng3 {76} Bg6 {1130} 13. Nxe5 {41} Nxe5 {7} 14. Rxe5 {4} c6 {11} 15. Bxd5 {308}
cxd5 {8} 16. Qf3 {169} d4 {504} 17. c4 {2} Re8 {60} 18. Rxe8+ {66} Qxe8 {5} 19.
Bf4 {797} Qc6 {38} 20. Qxc6 bxc6 {5} 21. Rd1 {2} 1/2-1/2

[Event "Ch FRA 2024 Open B"]
[Site "ALPE D'HUEZ, France"]
[Date "2024.08.21"]
[Round "5.2"]
[White "BEAUVOIS, Benjamin"]
[Black "DOUCET, Pierre-Alois"]
[Result "1-0"]
[ECO "B11"]
[WhiteElo "1957"]
[BlackElo "1903"]
[PlyCount "121"]
[EventDate "2024.??.??"]
[TimeControl "90/40+30:0"]

1. e4 {2} c6 {101} 2. Nf3 {9} d5 {6} 3. Nc3 {3} Bg4 {7} 4. h3 {4} Bxf3 {7} 5.
Qxf3 {6} e6 {15} 6. g3 {16} Nf6 {60} 7. Bg2 {11} Nbd7 {20} 8. d3 {33} Bb4 {80}
9. O-O {24} Qb6 {870} 10. Nd1 {243} d4 {232} 11. Qe2 {690} Bd6 {199} 12. f4 {
704} e5 {13} 13. b3 {44} Qc7 {139} 14. a4 {144} g6 {99} 15. f5 {697} Nh5 {115}
16. Qf3 {368} O-O-O {76} 17. Nb2 {526} Be7 {637} 18. g4 {265} Ng7 {4885} 19.
fxg6 {138} fxg6 {215} 20. Qf7 {20} Bf8 {84} 21. Nc4 {773} Re8 {19} 22. Bg5 {91}
h6 {143} 23. Bf6 {339} Nxf6 {53} 24. Qxc7+ {94} Kxc7 {5} 25. Rxf6 {5} Re6 {86}
26. Rxe6 {63} Nxe6 {1} 27. Nxe5 {20} Nf4 {11} 28. Rf1 {243} g5 {10} 29. h4 {26}
Be7 {113} 30. h5 {44} Rf8 {145} 31. Bf3 {190} Bd6 {38} 32. Nc4 {24} Re8 {80}
33. Kf2 {147} b5 {172} 34. axb5 {91} Nh3+ {42} 35. Kg2 {11} Nf4+ {8} 36. Kf2 {
12} Nh3+ {113} 37. Kg2 {162} Nf4+ {7} 38. Kh2 {70} cxb5 {38} 39. Nxd6 {4} Kxd6
{5} 40. Ra1 {155} Rc8 {0} 41. Bd1 {261} Kc5 {47} 42. Kg3 {707} Kb6 {11} 43. Kf3
{110} Re8 {98} 44. b4 {130} Rf8 {57} 45. Kg3 {85} Ne6 {12} 46. Bf3 {69} Nd8 {19
} 47. e5 {36} Ne6 {103} 48. Re1 {70} Rc8 {68} 49. Bd5 {34} Nf4 {31} 50. Bb3 {6}
Kc7 {109} 51. Kf3 {52} Rf8 {121} 52. Ke4 {39} Ng2 {17} 53. Ra1 {31} Rf4+ {141}
54. Kd5 {1} Ne3+ {166} 55. Kc5 {16} Nxg4 {43} 56. Rxa7+ {7} Kb8 {11} 57. Re7 {
47} Ne3 {68} 58. e6 {105} Nf5 {41} 59. Rf7 {27} Kc8 {101} 60. e7 {108} Kd7 {15}
61. Be6+ {Kd6+ [%emt 00:00:20] 11} 1-0

[Event "Ch FRA 2024 Open B"]
[Site "ALPE D'HUEZ, France"]
[Date "2024.08.21"]
[Round "5.3"]
[White "ALCINDOR, Samuel"]
[Black "ACIKGOZ, Tuncay"]
[Result "1/2-1/2"]
[ECO "A36"]
[WhiteElo "1857"]
[BlackElo "1931"]
[PlyCount "29"]
[EventDate "2024.??.??"]
[TimeControl "90/40+30:0"]

1. c4 {33} Nf6 {283} 2. Nc3 {7} c5 {44} 3. g3 {8} g6 {6} 4. Bg2 {4} Bg7 {2} 5.
e4 {7} Nc6 {38} 6. Nge2 {11} O-O {9} 7. O-O {8} d6 {76} 8. d3 {90} e5 {1834} 9.
Rb1 {277} Rb8 {340} 10. a3 {77} a5 {10} 11. f4 {517} Bg4 {142} 12. Bf3 {369}
Bh3 {551} 13. Bg2 {20} Bg4 {8} 14. Bf3 {8} Bh3 {6} 15. Bg2 {8} 1/2-1/2

[Event "Ch FRA 2024 Open B"]
[Site "ALPE D'HUEZ, France"]
[Date "2024.08.21"]
[Round "5.4"]
[White "DENNINGER, Guilhem"]
[Black "LE GEAY, Joachim"]
[Result "0-1"]
[ECO "A21"]
[WhiteElo "1969"]
[BlackElo "1850"]
[PlyCount "61"]
[EventDate "2024.??.??"]
[TimeControl "90/40+30:0"]

1. c4 {6} e5 {90} 2. Nc3 {9} Bb4 {15} 3. Qc2 {73} Nc6 {215} 4. e3 {29} Nge7 {
118} 5. Nf3 {80} O-O {227} 6. Nd5 {582} a5 {248} 7. Bd3 {398} h6 {255} 8. g4 {
713} d6 {342} 9. Rg1 {339} f5 {230} 10. gxf5 {187} Nxf5 {240} 11. Be4 {360} Nh4
{242} 12. Rg3 {365} Nxf3+ {279} 13. Rxf3 {99} Rxf3 {77} 14. Bxf3 {2} Be6 {274}
15. a3 {249} Bc5 {16} 16. b3 {44} Ne7 {5022} 17. Bb2 {404} c6 {229} 18. Nxe7+ {
96} Qxe7 {6} 19. O-O-O {66} Rf8 {110} 20. d4 {308} exd4 {115} 21. exd4 {59}
Bxa3 {282} 22. Be4 {246} Bxb2+ {61} 23. Kxb2 {4} Qh4 {96} 24. f3 {753} d5 {119}
25. cxd5 {4} cxd5 {15} 26. Bh7+ {38} Kh8 {23} 27. Qc5 {368} Qxh2+ {129} 28. Ka3
{25} Rxf3 {68} 29. Qb6 {163} Kxh7 {128} 30. Qxe6 {8} Qc2 {37} 31. Ra1 {16} 0-1

[Event "Ch FRA 2024 Open B"]
[Site "ALPE D'HUEZ, France"]
[Date "2024.08.22"]
[Round "6.1"]
[White "NAVROTESCU, Vlad-Andrei"]
[Black "BEAUVOIS, Benjamin"]
[Result "0-1"]
[ECO "A20"]
[WhiteElo "1948"]
[BlackElo "1957"]
[PlyCount "106"]
[EventDate "2024.??.??"]
[TimeControl "90/40+30:0"]

1. c4 {222} e5 {5} 2. g3 {10} c6 {5} 3. Bg2 {71} d5 {6} 4. d4 {48} dxc4 {426}
5. dxe5 {83} Qxd1+ {296} 6. Kxd1 {4} Be6 {17} 7. f4 {1849} Na6 {232} 8. Ke1 {
287} O-O-O {694} 9. Be3 {1412} Kb8 {414} 10. Nc3 {157} Nb4 {604} 11. Rc1 {11}
Ne7 {649} 12. a3 {749} Ned5 {505} 13. Bf2 {12} Nxc3 {34} 14. bxc3 {26} Nd5 {413
} 15. e4 {34} Nb6 {4} 16. Bxb6 {241} axb6 {5} 17. Ra1 {21} Rd3 {374} 18. Ne2 {7
} Bg4 {101} 19. Rd1 {417} Re3 {460} 20. Rd2 {120} Bxe2 {174} 21. Rxe2 {13} Rxc3
{4} 22. Rd2 {97} Kc7 {75} 23. Ke2 {13} Be7 {57} 24. Rhd1 {41} Rd8 {6} 25. Rxd8
{12} Bxd8 {4} 26. Bh3 {10} Rc2+ {135} 27. Ke3 {141} Rc3+ {73} 28. Ke2 {7} Rd3 {
4} 29. Rxd3 {7} cxd3+ {3} 30. Kxd3 {8} b5 {5} 31. Kc3 {25} Be7 {4} 32. Kb3 {8}
Bc5 {5} 33. e6 {98} fxe6 {105} 34. Bxe6 {10} Bg1 {12} 35. Bf5 {149} Bxh2 {155}
36. Bxh7 {11} Bxg3 {4} 37. f5 {16} Kd6 {5} 38. a4 {27} bxa4+ {73} 39. Kxa4 {6}
Bh4 {8} 40. Ka5 {118} Kc5 {204} 41. e5 {396} b5 {33} 42. Bg8 {6} Bd8+ {171} 43.
Ka6 {10} Kb4 {5} 44. Kb7 {55} c5 {9} 45. Kc8 {235} Bg5 {388} 46. Kd7 {327} c4 {
113} 47. Bd5 {276} c3 {94} 48. Be4 {16} Kc4 {59} 49. Kc6 {699} b4 {45} 50. Bd5+
{13} Kd3 {19} 51. f6 {76} gxf6 {37} 52. Bg8 {48} fxe5 {20} 53. Bh7+ {27} Kd2 {
17} 0-1

[Event "Ch FRA 2024 Open B"]
[Site "ALPE D'HUEZ, France"]
[Date "2024.08.22"]
[Round "6.2"]
[White "LE GEAY, Joachim"]
[Black "GUECHCHATI, Ilyess"]
[Result "1-0"]
[ECO "B15"]
[WhiteElo "1850"]
[BlackElo "1965"]
[PlyCount "97"]
[EventDate "2024.??.??"]
[TimeControl "90/40+30:0"]

1. e4 {3} c6 {72} 2. d4 {18} d5 {9} 3. Nc3 {87} dxe4 {6} 4. Nxe4 {6} Nf6 {14}
5. Nxf6+ {15} exf6 {7} 6. c3 {8} Bd6 {5} 7. Bd3 {18} O-O {12} 8. Qc2 {4} h5 {13
} 9. Ne2 {59} Re8 {8} 10. O-O {18} h4 {5} 11. h3 {4} Nd7 {9} 12. Bf4 {109} Nf8
{314} 13. Bxd6 {244} Qxd6 {21} 14. Rfe1 {182} g6 {1362} 15. Qd2 {613} f5 {829}
16. Qg5 {588} Ne6 {336} 17. Qxh4 {400} Kg7 {40} 18. f4 {290} c5 {700} 19. Qg3 {
384} Bd7 {598} 20. Bxf5 {363} Nxd4 {254} 21. Nxd4 {50} cxd4 {46} 22. Bxd7 {59}
Qxd7 {23} 23. Qd3 {154} Qd6 {396} 24. Qxd4+ {268} Qxd4+ {135} 25. cxd4 {5} Red8
{80} 26. Rad1 {154} Rd7 {192} 27. Re2 {124} Rad8 {33} 28. Red2 {78} Rd5 {30}
29. g4 {164} b5 {166} 30. Kf2 {120} a5 {50} 31. Ke3 {112} Re8+ {39} 32. Kf3 {8}
Red8 {21} 33. g5 {52} f6 {184} 34. gxf6+ {61} Kxf6 {5} 35. Ke4 {25} Rh5 {357}
36. d5 {66} Rxh3 {31} 37. Rc1 {114} Re8+ {59} 38. Kd4 {51} Rhe3 {38} 39. Rc6+ {
40} Kf7 {60} 40. Kc5 {165} b4 {31} 41. d6 {247} Rd8 {395} 42. d7 {140} Re7 {173
} 43. Rcd6 {48} Re4 {33} 44. Kb6 {62} Rc4 {35} 45. Rc6 {40} Re4 {12} 46. Kc7 {
43} Ke7 {14} 47. Rxg6 {42} Rc4+ {4} 48. Rc6 {13} Re4 {10} 49. f5 {13} 1-0

[Event "Ch FRA 2024 Open B"]
[Site "ALPE D'HUEZ, France"]
[Date "2024.08.22"]
[Round "6.3"]
[White "RAVOT, Cyril"]
[Black "BENDAHAN, Isaac"]
[Result "1/2-1/2"]
[ECO "B13"]
[WhiteElo "1934"]
[BlackElo "1924"]
[PlyCount "106"]
[EventDate "2024.??.??"]
[TimeControl "90/40+30:0"]

1. e4 {2} c6 {6} 2. d4 {67} d5 {2} 3. exd5 {21} cxd5 {2} 4. c4 {40} Nf6 {40} 5.
Nc3 {73} Nc6 {2} 6. Nf3 {151} Bg4 {26} 7. Be2 {96} e6 {72} 8. cxd5 {319} exd5 {
118} 9. O-O {186} Be7 {197} 10. h3 {14} Bh5 {50} 11. Qb3 {987} Bxf3 {152} 12.
Bxf3 {121} Nxd4 {245} 13. Qa4+ {17} Nc6 {3} 14. Rd1 {42} O-O {99} 15. Nxd5 {142
} Nxd5 {38} 16. Rxd5 {292} Qc8 {415} 17. Bf4 {474} Qe6 {810} 18. Qb5 {880} Bf6
{503} 19. Rad1 {354} h6 {520} 20. Qxb7 {483} Ne5 {111} 21. Bxe5 {111} Bxe5 {2}
22. Qd7 {26} Bxb2 {622} 23. Qxe6 {340} fxe6 {11} 24. Rd7 {6} Rac8 {153} 25.
Rxa7 {50} e5 {40} 26. Rd2 {412} Bd4 {217} 27. Bd5+ {18} Kh7 {124} 28. Rf7 {73}
Rfd8 {32} 29. Be4+ {37} Kg8 {17} 30. Rf3 {9} Rc1+ {31} 31. Kh2 {7} Re1 {27} 32.
Re3 {88} Rxe3 {345} 33. fxe3 {11} Bb6 {2} 34. Rxd8+ {46} Bxd8 {1} 35. Kg3 {14}
Bb6 {48} 36. Kf3 {10} Kf7 {42} 37. Bd5+ {19} Ke7 {68} 38. h4 {71} Kd6 {63} 39.
e4 {15} Ke7 {139} 40. Kg4 {82} g6 {190} 41. a4 {47} Ba5 {141} 42. h5 {60} gxh5+
{261} 43. Kxh5 {84} Bd2 {2} 44. Kg6 {36} Kd6 {57} 45. a5 {93} Bxa5 {21} 46.
Kxh6 {5} Ke7 {73} 47. g4 {41} Bd2+ {23} 48. Kg6 {16} Kf8 {983} 49. g5 {696} Bf4
{23} 50. Kf6 {52} Be3 {2} 51. Bf7 {220} Bf4 {84} 52. g6 {40} Bh6 {3} 53. Kxe5 {
4} Ke7 {8} 1/2-1/2

[Event "Ch FRA 2024 Open B"]
[Site "ALPE D'HUEZ, France"]
[Date "2024.08.22"]
[Round "6.4"]
[White "ACIKGOZ, Tuncay"]
[Black "SAMOUELIAN, Solal"]
[Result "0-1"]
[ECO "E06"]
[WhiteElo "1931"]
[BlackElo "1913"]
[PlyCount "84"]
[EventDate "2024.??.??"]
[TimeControl "90/40+30:0"]

1. d4 {204} Nf6 {28} 2. Nf3 {6} e6 {25} 3. g3 {150} Be7 {50} 4. c4 {0} O-O {66}
5. Bg2 {4} d5 {28} 6. O-O {8} c6 {26} 7. Nc3 {6} b6 {17} 8. Ne5 {507} a5 {382}
9. cxd5 {904} cxd5 {199} 10. Bf4 {576} Bb7 {136} 11. Rc1 {171} Nfd7 {190} 12.
Nb5 {23} Nxe5 {864} 13. Bxe5 {64} Bc6 {55} 14. Bxb8 {583} Bxb5 {120} 15. Bc7 {6
} Qc8 {29} 16. Bxb6 {29} Qa6 {8} 17. Bc5 {420} Bxe2 {554} 18. Qd2 {1482} Bxc5 {
35} 19. dxc5 {47} Bxf1 {61} 20. Bxf1 {19} Qc6 {300} 21. b3 {229} Rfb8 {193} 22.
Qc3 {51} Rc8 {267} 23. a4 {24} f6 {488} 24. Bb5 {99} Qc7 {11} 25. Qd4 {88} Kf7
{535} 26. f4 {0} Qa7 {34} 27. f5 {45} Qe7 {65} 28. Kg2 {73} Rd8 {257} 29. Re1 {
161} e5 {9} 30. Qc3 {42} Rdc8 {87} 31. Rc1 {21} Rc7 {99} 32. c6 {46} Qd6 {74}
33. Qc5 {48} Qxc5 {70} 34. Rxc5 {0} d4 {37} 35. Kf3 {47} Ke7 {117} 36. Ke4 {10}
g6 {140} 37. g4 {158} gxf5+ {37} 38. Kxf5 {33} Kd6 {69} 39. Rc1 {21} Re8 {90}
40. Bd3 {43} Rg8 {104} 41. h3 {828} h5 {986} 42. Bc4 {974} Rgg7 {17} 0-1

[Event "Ch FRA  2024 Open B"]
[Site "ALPE D'HUEZ, France"]
[Date "2024.08.23"]
[Round "7.1"]
[White "BEAUVOIS, Benjamin"]
[Black "LE GEAY, Joachim"]
[Result "0-1"]
[ECO "C07"]
[WhiteElo "1957"]
[BlackElo "1850"]
[PlyCount "90"]
[EventDate "2024.??.??"]
[TimeControl "90/40+30:0"]

1. e4 {2} e6 {19} 2. d4 {3} d5 {6} 3. Nd2 {4} c5 {40} 4. exd5 {14} Qxd5 {43} 5.
dxc5 {8} Bxc5 {118} 6. Ngf3 {15} Nc6 {115} 7. Bc4 {133} Qd7 {78} 8. Ne4 {965}
Qxd1+ {0} 9. Kxd1 {223} Be7 {165} 10. Bf4 {38} Nf6 {339} 11. Nd6+ {484} Bxd6 {
80} 12. Bxd6 {6} Ne4 {7} 13. Bg3 {3} Nxg3 {143} 14. hxg3 {7} f6 {326} 15. g4 {
966} e5 {244} 16. g5 {35} Bg4 {442} 17. gxf6 {360} gxf6 {288} 18. Be2 {21}
O-O-O+ {102} 19. Kc1 {198} Kc7 {245} 20. Ng1 {868} Bxe2 {315} 21. Nxe2 {6} Rd7
{75} 22. Rd1 {573} Rxd1+ {280} 23. Kxd1 {5} Rd8+ {13} 24. Kc1 {5} Nd4 {283} 25.
Nxd4 {274} Rxd4 {182} 26. c3 {5} Rf4 {67} 27. f3 {9} e4 {52} 28. Kd2 {4} exf3 {
102} 29. Ke3 {10} Rf5 {105} 30. g4 {100} Re5+ {177} 31. Kxf3 {38} h5 {10} 32.
Rg1 {243} hxg4+ {346} 33. Rxg4 {10} Rb5 {35} 34. b4 {253} Rd5 {158} 35. Ke3 {96
} b5 {137} 36. Ke4 {209} f5+ {110} 37. Kxd5 {8} fxg4 {5} 38. Ke4 {18} Kd6 {49}
39. Kf4 {14} Kd5 {26} 40. Kxg4 {6} Kc4 {34} 41. Kf4 {104} Kxc3 {42} 42. Ke4 {68
} Kxb4 {13} 43. Kd4 {56} Ka3 {9} 44. Kc5 {10} a6 {5} 45. Kb6 {22} Kxa2 {6} 0-1

[Event "Ch FRA  2024 Open B"]
[Site "ALPE D'HUEZ, France"]
[Date "2024.08.23"]
[Round "7.2"]
[White "SAMOUELIAN, Solal"]
[Black "RAVOT, Cyril"]
[Result "1-0"]
[ECO "B32"]
[WhiteElo "1913"]
[BlackElo "1934"]
[PlyCount "151"]
[EventDate "2024.??.??"]
[TimeControl "90/40+30:0"]

1. e4 {2} c5 {7} 2. Nf3 {5} Nc6 {9} 3. d4 {5} cxd4 {9} 4. Nxd4 {5} e5 {13} 5.
Nb5 {5} d6 {9} 6. c4 {3} a6 {37} 7. N5a3 {14} f5 {29} 8. Nc3 {72} Nf6 {64} 9.
exf5 {0} Bxf5 {23} 10. Be3 {201} Be7 {62} 11. Bd3 {72} Be6 {9} 12. O-O {166}
O-O {10} 13. Rc1 {282} Rc8 {262} 14. Nd5 {1068} Ng4 {1115} 15. Bb6 {132} Qd7 {
39} 16. Nc2 {134} Bd8 {21} 17. Nce3 {555} Nxe3 {428} 18. Bxe3 {62} Bf5 {704}
19. Bxf5 {162} Qxf5 {60} 20. Qb3 {215} Rf7 {660} 21. a4 {309} Bg5 {280} 22. Nb6
{277} Rd8 {624} 23. Rcd1 {267} Bxe3 {840} 24. fxe3 {17} Qe6 {17} 25. Rxf7 {64}
Qxf7 {20} 26. Rf1 {20} Qe6 {52} 27. Nd5 {103} Qd7 {212} 28. c5 {371} Kh8 {6}
29. cxd6 {175} Qxd6 {102} 30. e4 {182} Qc5+ {53} 31. Kh1 {41} Rf8 {115} 32.
Rxf8+ {106} Qxf8 {7} 33. Qf3 {27} Qc5 {115} 34. h3 {149} h6 {85} 35. Kh2 {243}
b5 {30} 36. axb5 {43} axb5 {10} 37. b4 {68} Qd6 {65} 38. Qd3 {354} Nd4 {185}
39. Qc3 {101} Kh7 {54} 40. h4 {296} Qf8 {23} 41. Qg3 {88} Qe8 {218} 42. Qg4 {
144} Qe6 {23} 43. Qxe6 {207} Nxe6 {7} 44. Ne7 {35} Nd4 {340} 45. h5 {127} Nc2 {
200} 46. Nc6 {20} Kg8 {27} 47. Kg3 {13} Kh7 {221} 48. Kg4 {113} Ne3+ {10} 49.
Kf3 {5} Nc4 {36} 50. Ne7 {14} Nd6 {23} 51. g3 {395} Nc4 {48} 52. Ke2 {27} Nd6 {
120} 53. Ke3 {91} Nc4+ {52} 54. Kf3 {24} Kh8 {102} 55. Kg4 {17} Ne3+ {15} 56.
Kh4 {22} Kh7 {48} 57. g4 {30} Nc2 {57} 58. Nc6 {55} Kg8 {62} 59. Kg3 {36} Kf7 {
15} 60. Nxe5+ {16} Ke6 {10} 61. Nd3 {48} Nd4 {118} 62. Kf4 {34} Ne2+ {40} 63.
Ke3 {86} Nc3 {50} 64. Kd4 {39} Ne2+ {59} 65. Kc5 {216} Nc3 {14} 66. e5 {184}
Ke7 {65} 67. Nf4 {151} Ne4+ {68} 68. Kxb5 {73} Nf2 {7} 69. Kc5 {128} Nxg4 {30}
70. Kd4 {12} Kd7 {52} 71. b5 {35} Nh2 {61} 72. Kd5 {47} Nf1 {46} 73. e6+ {40}
Kc7 {132} 74. b6+ {225} Kxb6 {5} 75. e7 {23} Ne3+ {5} 76. Ke6 {6} 1-0

[Event "Ch FRA  2024 Open B"]
[Site "ALPE D'HUEZ, France"]
[Date "2024.08.23"]
[Round "7.3"]
[White "ANES, Thomas"]
[Black "ABIVEN, Pierre-Louis"]
[Result "0-1"]
[ECO "B11"]
[WhiteElo "1915"]
[BlackElo "1956"]
[PlyCount "136"]
[EventDate "2024.??.??"]
[TimeControl "90/40+30:0"]

1. e4 {2} c6 {9} 2. Nf3 {16} d5 {7} 3. Nc3 {4} Bg4 {16} 4. h3 {11} Bxf3 {5} 5.
Qxf3 {5} e6 {6} 6. Be2 {35} Nd7 {61} 7. d4 {28} dxe4 {99} 8. Nxe4 {17} Ngf6 {35
} 9. O-O {15} Be7 {77} 10. Rd1 {147} O-O {81} 11. Nxf6+ {453} Nxf6 {293} 12. c4
{127} Qd7 {509} 13. b3 {63} b5 {144} 14. Bb2 {376} b4 {701} 15. Bd3 {397} a5 {
977} 16. Bc2 {107} Rad8 {210} 17. h4 {187} h5 {421} 18. Rac1 {374} Ng4 {417}
19. g3 {1653} Bf6 {396} 20. Ba1 {113} Rc8 {229} 21. Be4 {164} Qc7 {144} 22. Rd2
{443} g6 {150} 23. Rcd1 {313} Bg7 {270} 24. Kg2 {123} f5 {98} 25. Bb1 {64} Rcd8
{225} 26. Qe2 {166} Rfe8 {78} 27. f3 {97} Nh6 {85} 28. Qe3 {90} Nf7 {30} 29. f4
{15} Nh6 {23} 30. Bb2 {56} Ng4 {15} 31. Qf3 {10} Rd6 {55} 32. Re1 {248} e5 {254
} 33. fxe5 {88} Rxe5 {9} 34. Rde2 {49} Rxe2+ {29} 35. Qxe2 {6} Kh7 {146} 36. d5
{76} cxd5 {73} 37. Bxg7 {258} Qxg7 {68} 38. Qe8 {39} Rd7 {62} 39. Bxf5 {47}
gxf5 {46} 40. Qxh5+ {42} Nh6 {7} 41. Re6 {273} Re7 {541} 42. cxd5 {57} Rxe6 {
180} 43. dxe6 {4} Qe7 {319} 44. g4 {244} Qb7+ {39} 45. Kf2 {335} Qb6+ {22} 46.
Kf1 {63} Qb5+ {79} 47. Ke1 {52} Qe5+ {27} 48. Kd2 {79} Qb2+ {148} 49. Kd3 {105}
Qc3+ {34} 50. Ke2 {10} Qc2+ {57} 51. Ke1 {25} Qb1+ {28} 52. Ke2 {35} Qxa2+ {14}
53. Ke1 {6} Qb1+ {102} 54. Kd2 {17} Qb2+ {16} 55. Ke1 {13} Qe5+ {87} 56. Kd1 {
30} Qd4+ {95} 57. Ke1 {29} Qe3+ {16} 58. Kf1 {22} Qf3+ {350} 59. Ke1 {16} Qe4+
{7} 60. Kf1 {37} Qf3+ {61} 61. Ke1 {8} Qe3+ {11} 62. Kf1 {26} fxg4 {25} 63. Qe8
{23} g3 {23} 64. Qe7+ {90} Kg6 {195} 65. Qe8+ {2} Kf5 {74} 66. Qf8+ {217} Kg4 {
21} 67. e7 {358} Nf5 {19} 68. Qg8+ {75} Kh3 {12} 0-1

[Event "Ch FRA 2024 Open B"]
[Site "ALPE D'HUEZ, France"]
[Date "2024.08.24"]
[Round "8.1"]
[White "LE GEAY, Joachim"]
[Black "SAMOUELIAN, Solal"]
[Result "1-0"]
[ECO "B31"]
[WhiteElo "1850"]
[BlackElo "1913"]
[PlyCount "61"]
[EventDate "2024.??.??"]
[TimeControl "90/40+30:0"]

1. e4 {24} c5 {90} 2. Nf3 {26} Nc6 {33} 3. Bb5 {80} g6 {118} 4. Bxc6 {37} dxc6
{36} 5. d3 {58} Bg7 {19} 6. Nc3 {31} e5 {45} 7. Be3 {86} b6 {36} 8. O-O {83}
Qc7 {56} 9. h3 {84} Nf6 {24} 10. Qd2 {92} O-O {77} 11. a4 {215} a5 {22} 12. Bh6
{220} Re8 {28} 13. Bxg7 {135} Kxg7 {7} 14. b3 {187} Nd7 {144} 15. Nh2 {134} Nf8
{44} 16. Ne2 {188} h5 {526} 17. f4 {141} exf4 {294} 18. Nxf4 {105} Qd6 {46} 19.
Rf2 {307} Be6 {210} 20. Raf1 {244} Ra7 {77} 21. Nf3 {200} Nh7 {72} 22. Nxe6+ {
433} Rxe6 {195} 23. Qe2 {345} Rae7 {246} 24. Nd2 {157} Qd8 {221} 25. Kh1 {232}
Nf6 {415} 26. Nc4 {204} h4 {715} 27. Re1 {563} Nxe4 {570} 28. dxe4 {72} Rxe4 {
50} 29. Rxf7+ {100} Kxf7 {39} 30. Qf3+ {78} Kg8 {21} 31. Rxe4 {10} 1-0

[Event "Ch FRA 2024 Open B"]
[Site "ALPE D'HUEZ, France"]
[Date "2024.08.24"]
[Round "8.2"]
[White "LECOCQ, ALexandre"]
[Black "BEAUVOIS, Benjamin"]
[Result "0-1"]
[ECO "C70"]
[WhiteElo "1889"]
[BlackElo "1957"]
[PlyCount "55"]
[EventDate "2024.??.??"]
[TimeControl "90/40+30:0"]

1. e4 {405} e5 {4} 2. Nf3 {5} Nc6 {4} 3. Bb5 {5} a6 {6} 4. Ba4 {4} b5 {4} 5.
Bb3 {3} Na5 {6} 6. d4 {890} exd4 {9} 7. Qxd4 {641} Bb7 {39} 8. Qd3 {232} Nxb3 {
356} 9. axb3 {8} d5 {53} 10. e5 {161} c5 {269} 11. O-O {238} Ne7 {278} 12. Bg5
{18} Qd7 {315} 13. Re1 {83} Qf5 {172} 14. Qe2 {255} d4 {717} 15. Nbd2 {23} h6 {
529} 16. Bh4 {112} Ng6 {382} 17. Ne4 {533} Nf4 {270} 18. Qd2 {665} Bxe4 {125}
19. Nxd4 {58} cxd4 {610} 20. Qxd4 {23} Bc6 {12} 21. Rxa6 {93} Nh3+ {781} 22.
gxh3 {529} Qg6+ {107} 23. Kf1 {9} Bg2+ {52} 24. Ke2 {4} Qxa6 {45} 25. Rd1 {6}
Qc8 {56} 26. c4 {193} Bc5 {88} 27. Qc3 {72} O-O {18} 28. Kd3 {135} 0-1

[Event "Ch FRA 2024 Open B"]
[Site "ALPE D'HUEZ, France"]
[Date "2024.08.24"]
[Round "8.3"]
[White "ABIVEN, Pierre-Louis"]
[Black "GUEZ, Fabien"]
[Result "1-0"]
[ECO "C70"]
[WhiteElo "1956"]
[BlackElo "1954"]
[PlyCount "63"]
[EventDate "2024.??.??"]
[TimeControl "90/40+30:0"]

1. e4 {3} e5 {11} 2. Nf3 {3} Nc6 {6} 3. Bb5 {14} a6 {13} 4. Ba4 {3} Nge7 {18}
5. O-O {53} g6 {22} 6. c3 {106} Bg7 {12} 7. d4 {62} exd4 {8} 8. cxd4 {43} b5 {
18} 9. Bb3 {37} O-O {17} 10. Nc3 {394} d6 {14} 11. h3 {396} Na5 {23} 12. Bc2 {
149} c5 {14} 13. Bf4 {294} cxd4 {1602} 14. Nxd4 {21} d5 {49} 15. Re1 {1374} Bb7
{938} 16. e5 {151} Nac6 {282} 17. Nxc6 {322} Bxc6 {123} 18. Ne2 {114} Qd7 {611}
19. Nd4 {66} Rae8 {645} 20. Qd2 {155} Nc8 {103} 21. Rac1 {200} Ba8 {262} 22.
Bg3 {144} Nb6 {61} 23. b3 {12} Re7 {286} 24. f4 {268} f5 {160} 25. Bf2 {137}
Qb7 {223} 26. Bd1 {90} Rc7 {67} 27. Rxc7 {92} Qxc7 {6} 28. Ne6 {20} Qc6 {47}
29. Nxf8 {41} Bxf8 {12} 30. Bf3 {47} Ba3 {372} 31. Rd1 {72} Qe6 {112} 32. Qa5 {
49} 1-0